 Dungeon Crawl Stone Soup version 0.31-a0-833-gc15d34cb79 (webtiles) character file.

Game seed: 3375655029641612225

4 Bravepunisher the Ducker (level 1, -4/11 HPs)
             Began as a Spriggan Monk on Sept 25, 2023.
             Killed by divine providence
             ... invoked by an orc priest
              (15 damage)
             ... on level 7 of the Dungeon.
             The game lasted 00:01:43 (400 turns).

Bravepunisher the Ducker (Spriggan Monk)             Turns: 400, Time: 00:01:43

Health: -4/11      AC:  2    Str:  7    XL:     1   Next: 50%
Magic:  2/2        EV: 18    Int: 11    God:
Gold:   65         SH:  0    Dex: 17    Spells: 0/0 levels left

rFire   . . .        a - +0 short sword
rCold   . . .        (no shield)
rNeg    . . .        b - +0 robe
rPois   .            (helmet restricted)
rElec   .            e - scarf {repulsion}
rCorr   .            (gloves unavailable)
SInv    +            (boots unavailable)
Will    .....        (no amulet)
Stlth   ++           (no ring)
HPRegen 0.21/turn    (no ring)
MPRegen 0.08/turn

%: repel missiles
@: very quick
A: very small, no large weapons, unfitting armour, see invisible, speed 3
a: no special abilities


You were on level 7 of the Dungeon.
You visited 1 branch of the dungeon, and saw 7 of its levels.

You collected 65 gold pieces.

Inventory:

Hand Weapons
 a - a +0 short sword (weapon)
Armour
 b - a +0 robe (worn)
 e - a scarf of repulsion (worn)
Scrolls
 d - a scroll of enchant weapon {unknown}
 f - a scroll of revelation {unknown}
Potions
 c - a potion of ambrosia


   Skills:
 * Level 2.6 Fighting
 - Level 3.2 Short Blades
 + Level 4.1 Dodging


You couldn't memorise any spells.
You didn't know any spells.
Your spell library was empty.

Dungeon Overview and Level Annotations

Branches:
Dungeon (7/15)
 Temple: D:4-7

Altars:
Yredelemnul


Innate Abilities, Weirdness & Mutations

You are very small and have problems with some larger weapons.
You are too small for most types of armour.
You have supernaturally acute eyesight. (SInv)
You cover ground extremely quickly. (Speed+++)


Message History

The orc misses you.
You closely miss the orc.
The orc is almost dead.
You hit the orc.
You kill the orc!
HP restored.
You see here a +0 flail.
You now have 51 gold pieces (gained 14).
You now have 65 gold pieces (gained 14).
A gnoll comes into view. It is wielding a +0 halberd.
The gnoll shouts!
You hear a shout! x2
An orc wizard comes into view.
It is wielding a +0 dagger and wearing a +2 robe of cold resistance.
The orc wizard shouts!
The orc wizard points at you and mumbles some strange words.
You are confused.
You bump into the rock wall.
An orc comes into view. It is wielding a +0 flail.
An orc comes into view. It is wielding a +0 mace.
A gnoll comes into view. It is wielding a +0 whip.
The gnoll shouts!
You hear a shout!
You bump into the rock wall.
A gnoll comes into view. It is wielding a +0 halberd.
An orc priest comes into view. It is wielding a +0 club.
The orc wizard gestures at you while chanting.
The puff of flame is repelled.
An orc comes into view. It is wielding a +2 dagger of speed.
You hear a shout!
You feel less confused. The orc wizard casts a spell at you.
You are confused.
The orc wizard gestures at you while chanting.
The puff of flame misses you.
You bump into the rock wall.
You bump into the rock wall.
You bump into the rock wall.
You feel less confused.
The orc priest invokes the aid of Beogh against you.
Beogh smites you!
Ouch! That really hurt!
You die...

......#.##...#.#
......#.##...#.####..#
......#.#............#
.######.#....#.####.##
........#.####.#
........#.# #.#
#.......#.# #.#
#.#####.#.# #.####
#.......).# #..@.#
........).# #....#
#####.....# #....#
....#.#.#.####.g..#.#
...|#.#.#.....o.....#
##.$#.#.#.####.###.!#
#._#...... .oo# ..#
..$# ..##..##g. ..# ##
#o# ..#


You could see an orc priest, an orc wizard, 2 gnolls and an orc.

Vanquished Creatures
  An orc (D:7)
  A kobold (D:1)
  A goblin (D:3)
3 creatures vanquished.

Notes
Turn   | Place    | Note
-------+----------+-------------------------------------------
     0 | D:1      | Bravepunisher the Spriggan Monk began the quest for the
                  | Orb.
     0 | D:1      | Reached XP level 1. HP: 11/11 MP: 2/2
   212 | D:4      | Noticed a hound
   212 | D:4      | Noticed an iguana
   248 | D:4      | Noticed a sleepcap
   254 | D:5      | Entered Level 5 of the Dungeon
   280 | D:5      | Noticed an orc priest
   281 | D:5      | Noticed a gnoll bouda
   287 | D:6      | Noticed a kobold brigand
   333 | D:7      | Found a basalt altar of Yredelemnul.
   384 | D:7      | Noticed an orc wizard
   390 | D:7      | Noticed an orc priest
   400 | D:7      | Killed from afar by an orc priest

Illustrated notes

Levels and vault maps discovered:
D:1:      ncdulo_smallfort, layout_basic
D:2:      minmay_skewed_foursquare, layout_basic, minmay_misc_feat_roman
D:3:      layout_basic, serial_shops, shop, grunt_ministairs_7
D:4:      layout_basic
D:5:      layout_cave_pools, grunt_gozag_statues, portal_sewer_entry_d,
          uniq_crazy_yiuf_cottage
D:6:      gammafunk_wand_slinger, layout_loops_ring, elyvilon_altar_1,
          mainiacjoe_overflow_tiny_flanked, nicolae_sif_muna_little_library,
          makhleb_altar_promises_db, temple_green
D:7:      layout_basic, gammafunk_temple_of_torment,
          mainiacjoe_overflow_boulevard, uniq_prince_ribbit1, uniq_menkaure

Action                     || total
---------------------------++-------
  Melee: Short sword       ||    28
 Armour: Robe              ||    10
  Dodge: Dodged            ||    22
         Repelled          ||     1

Table legend: (Time is in decaauts)
 A = Elapsed time spent in this place.
 B = Non-inter-level travel time spent in this place.
 C = Inter-level travel time spent in this place.
 D = Time resting spent in this place.
 E = Time spent auto-exploring this place.
 F = Levels seen in this place.
 G = Mean time per level.
                   A        B        C        D        E       F      G
               +--------+--------+--------+--------+--------+-----+--------+
         Total |    273 |    273 |      0 |      0 |     92 |   7 |   39.0 |
       Dungeon |    273 |    273 |      0 |      0 |     92 |   7 |   39.0 |
               +--------+--------+--------+--------+--------+-----+--------+

Top non-repeatable levels by time:
     D:1: 79 daAuts
     D:7: 78 daAuts
     D:3: 58 daAuts
     D:4: 28 daAuts
     D:5: 19 daAuts
     D:2: 6 daAuts
     D:6: 3 daAuts
